AoeStats
← Chungus69

Arena

504541046Analyzed
1v1 RM · 27d ago on Sep 5, 2026· 32m 30s· 2 players
Game mode
Random Map
Map size
Tiny (2 player)
Population
200
Speed
Normal
Resources
Standard
Victory
Conquest
Starting age
Dark Age
Ending age
Imperial Age
RankedLock teamsTeams togetherTeam positionsShared explorationLock speedFull tech treeHidden civsTurbo modeCheats
Victory
Defeat
🇫🇷 Burgundians · France
696
+16
🇺🇸 Britons · United States
699
-19
Quantner
3:44 Double-Bit Axe
9:34 Wheelbarrow
12:18 Feudal Age
11:33 Horse Collar
13:18 Heavy Plow
13:31 Bow Saw
16:15 Hand Cart
17:56 Gold Mining
21:48 Castle Age
21:04 Scale Barding Armor
21:10 Forging
21:55 Cavalier
22:35 Husbandry
22:59 Chain Barding Armor
23:56 Iron Casting
28:32 Pikeman
29:13 Squires
31:16 Devotion
32:12 Gold Shaft Mining
Chungus69
10:50 Feudal Age
12:58 Wheelbarrow
12:19 Double-Bit Axe
13:35 Horse Collar
13:39 Man-at-Arms
18:25 Scale Mail Armor
19:53 Forging
22:53 Gold Mining
30:37 Castle Age
29:22 Arson
30:49 Pikeman
Connection lost

Rejoining the realm…

Still unreachable

The connection could not be restored.

Session expired

The server has moved on; the page needs a fresh start.